 Dungeon Crawl Stone Soup version 0.30-a0-141-g30f27751c5 (webtiles) character file.

Game seed: 2617283385165544674

4362 qw the Cleaver (level 10, -1/64 HPs)
             Began as a Gargoyle Fighter on Sept 25, 2022.
             Slain by a troll (11 damage)
             ... on level 7 of the Dungeon.
             The game lasted 00:02:48 (6607 turns).

qw the Cleaver (Gargoyle Fighter)                   Turns: 6607, Time: 00:02:49

Health: -1/64      AC: 27    Str: 25    XL:     10   Next: 34%
Magic:  10/10      EV:  8    Int:  8    God:
Gold:   370        SH:  5    Dex:  9    Spells: 9/9 levels left

rFire   + . .      SeeInvis .    Y - +3 war axe
rCold   + . .      Faith    .    c - +0 buckler
rNeg    + . .      Spirit   .    f - +0 chain mail
rPois   inf        Reflect  .    (no helmet)
rElec   +          Harm     .    e - +2 cloak
rCorr   .          Rampage  .    j - +1 pair of gloves
Will    .....                    (no boots)
Stlth   ..........               (no amulet)
HPRegen 0.20/turn                o - ring of Xom's Displeasure {rF+ rC+}
MPRegen 0.12/turn                n - +4 ring of protection

@: no status effects
A: sickness immunity, AC +7, negative energy resistance 1, electricity
resistance, torment resistance 1, petrification resistance
a: no special abilities


You were on level 7 of the Dungeon.
You visited 2 branches of the dungeon, and saw 8 of its levels.

You collected 420 gold pieces.
You spent 50 gold pieces at shops.


Innate Abilities, Weirdness & Mutations

You are immune to sickness and miasma.
Your stone body is resilient. (AC +7)
You are immune to poison.
You resist negative energy. (rN+)
You are resistant to electric shocks. (rElec)
You are resistant to unholy torment.
You are immune to petrification.


   Skills:
 - Level 8.2 Fighting
 + Level 10.0 Axes
 - Level 1.5 Throwing
 - Level 6.8 Armour
 - Level 1.9 Dodging
 - Level 5.5 Shields


You had 9 spell levels left.
You didn't know any spells.
Your spell library was empty.

Inventory:

Hand Weapons
 p - a +1 flail of protection
 Y - a +3 war axe (weapon)
Missiles
 k - 2 boomerangs (quivered)
Armour
 b - the +5 ring mail of Depression {Harm rF++ Str-2 SInv}
   (You found it on level 2 of the Dungeon)

   Str:       It affects your strength (-2).
   rF:        It greatly protects you from fire.
   SInv:      It lets you see invisible.
   Harm:      It increases damage dealt and taken.
 c - a +0 buckler (worn)
 e - a +2 cloak (worn)
 f - a +0 chain mail (worn)
 j - a +1 pair of gloves (worn)
Jewellery
 i - the ring "Lizeegum" {Fire rPois Slay+3}
   (You found it on level 4 of the Dungeon)

   [ring of fire]

   It enhances your fire magic.
   Slay:      It affects your accuracy & damage with ranged weapons and melee
   (+3).
   rF:        It protects you from fire.
   rC:        It makes you vulnerable to cold.
   rPois:     It protects you from poison.
 m - a +4 ring of evasion
 n - a +4 ring of protection (right hand)
 o - the ring of Xom's Displeasure (left hand) {rF+ rC+}
   (You found it on level 5 of the Dungeon)

   [ring of protection from cold]

   rF:        It protects you from fire.
   rC:        It protects you from cold.
Scrolls
 a - a scroll of identify
 q - a scroll of vulnerability {unknown}
 r - a scroll of immolation {unknown}
Potions
 d - 4 potions of might
 g - a potion of flight {unknown}
 h - 5 potions of curing
 l - a potion of cancellation
 u - a potion of resistance

Dungeon Overview and Level Annotations

Branches:
Dungeon (7/15)             Temple (1/1) D:4

Altars:
Ashenzari
Cheibriados
Dithmenos
Elyvilon
Fedhas
Gozag
Hepliaklqana
Kikubaaqudgha
Makhleb
Nemelex Xobeh
Qazlal
Ru
Sif Muna
Uskayaw
Vehumet
Wu Jian
Xom
Yredelemnul
Zin
The Shining One

Shops:
D:1 *

Annotations:
D:5 2 transporters, qw's ghost, novice GrFi


Message History

Your Armour skill increases to level 6!
You hit the troll.
The troll is lightly wounded.
The troll barely misses you. The troll claws you but does no damage.
The troll barely misses you.
You barely miss the troll.
The troll is lightly wounded.
The troll bites you but does no damage.
The troll claws you but does no damage. x2
You barely miss the troll.
The troll is lightly wounded.
The troll bites you but does no damage. You block the troll's attack.
The troll barely misses you.
You barely miss the troll.
The troll is lightly wounded.
The troll bites you but does no damage. The troll claws you but does no damage.
The troll claws you.
You barely miss the troll. The troll completely misses you.
The troll closely misses you. The troll claws you but does no damage.
You closely miss the troll. You block the troll's attack. The troll claws you!
The troll completely misses you.
You slash the troll!
The troll is moderately wounded.
The troll closely misses you.
The troll claws you but does no damage. x2
You hit the troll.
The troll is moderately wounded.
The troll completely misses you. The troll claws you but does no damage.
You block the troll's attack.
You hit the troll.
The troll is heavily wounded.
The troll barely misses you. The troll claws you.
The troll claws you but does no damage.
You closely miss the troll.
The troll is heavily wounded.
The troll completely misses you.
The troll claws you but does no damage. x2
You closely miss the troll.
The troll is heavily wounded.
The troll bites you!
You die...

### ####.#.# #.).#.##..#.#...#..#
..# #......# #.#.##..#.#)..#.#..#
..# #......+ #[#.'#.).#')).!.+...
..# #......# ###.#.#..###...##.#.
..###......# ...#..##.#[.#..#...
...##......###+#####+#####+###.#.
...[)......#.....# [.)# #.##
..###......##.#.##=.# #.# ###
#......'%...@TC# +.
.#####.....#)#.#.#Y.# #.
.......##..#.....# :.:#
###.######.###'### +## #.# #.#
.#.. #.# #.#.. ..# # #.######.+#.
.#+ +..# #.##...#.#.. .. #...
#.#......# #..#


You could see a cyclops, a yak and a troll.

Vanquished Creatures
  A two-headed ogre (D:7)
  A troll (D:7)
  A slime creature (D:7)
  A wraith (D:7)
  A vampire mosquito (D:7)
  A steam dragon (D:7)
  4 black bears
  A sky beast (D:7)
  6 centaurs
  3 kobold brigands
  3 phantoms
  Blork the orc (D:4)
  A necrophage (D:6)
  5 scorpions
  A bullfrog (D:7)
  2 gnoll sergeants (D:7)
  4 wights
  A howler monkey (D:6)
  8 hounds
  A jelly (D:4)
  An orc priest (D:6)
  3 iguanas
  3 orc wizards
  16 gnolls
  3 adders
  2 white imps (D:6)
  An ufetubus (D:5)
  A worm (D:2)
  4 dart slugs
  13 orcs
  11 ball pythons
  11 endoplasms
  6 goblins
  11 hobgoblins
  8 kobolds
  2 quokkas
  5 bats
  4 frilled lizards
  6 rats
158 creatures vanquished.

Vanquished Creatures (others)
  6 plants (D:5)
6 creatures vanquished.

Grand Total: 164 creatures vanquished

Notes
Turn   | Place    | Note
-------+----------+-------------------------------------------
     0 | D:1      | qw the Gargoyle Fighter began the quest for the Orb.
     0 | D:1      | Reached XP level 1. HP: 14/14 MP: 1/1
     0 | D:1      | 0 ||| qw: Version: 0.2-a-10-g399e6c4
     0 | D:1      | 0 ||| qw: Game counter: 117
     0 | D:1      | 0 ||| qw: Always use a shield: true
     0 | D:1      | 0 ||| qw: God list: Okawaru
     0 | D:1      | 0 ||| qw: Allow faded altars: false
     0 | D:1      | 0 ||| qw: Do Orc after D:15 true
     0 | D:1      | 0 ||| qw: Do second Lair branch before Depths: true
     0 | D:1      | 0 ||| qw: Lair rune preference: random
     0 | D:1      | 0 ||| qw: Plans: Normal, Zot:1-4, God:TSO, Crypt, Tomb,
                  | Pan, Slime:5, Hells, Abyss, Orb
     0 | D:1      | 0 ||| PLANNING D:1-11
    17 | D:1      | 17 ||| Stepping ~*~*~tactically~*~*~ (stealth).
    23 | D:1      | Reached skill level 2 in Axes
   165 | D:1      | Reached XP level 2. HP: 19/19 MP: 2/2
   185 | D:1      | 185 ||| Stepping ~*~*~tactically~*~*~ (hiding).
   186 | D:1      | 186 ||| Stepping ~*~*~tactically~*~*~ (hiding).
   364 | D:1      | Reached skill level 3 in Axes
   411 | D:1      | Reached XP level 3. HP: 23/23 MP: 3/3
   449 | D:1      | Found a faded altar of an unknown god.
   971 | D:1      | Found Koasehuf's Assorted Antiques.
   979 | D:1      | 979 ||| BUYING 2 black potions (50 gold).
   979 | D:1      | Bought 2 black potions for 50 gold pieces
   979 | D:1      | 979 ||| SHOPLISTING black potion (25 gold, have 16).
   979 | D:1      | 979 ||| SHOPLISTING bubbling inky potion (25 gold, have
                  | 16).
   979 | D:1      | 979 ||| SHOPLISTING glowing white potion (25 gold, have
                  | 16).
   979 | D:1      | 979 ||| SHOPLISTING scroll labelled HORIOMO LENAZA (28
                  | gold, have 16).
   979 | D:1      | 979 ||| SHOPLISTING scroll labelled HYUBBU WEAP (28 gold,
                  | have 16).
   998 | D:1      | 998 ||| UPGRADING to +0 chain mail.
  1008 | D:1      | 1008 ||| DROPPING +0 scale mail.
  1009 | D:1      | 1009 ||| UPGRADING to +0 pair of gloves.
  1014 | D:1      | 1014 ||| UPGRADING to +4 ring of evasion.
  1015 | D:1      | 1015 ||| READING 3 scrolls labelled ALA UTEACSUI.
  1016 | D:1      | 1016 ||| READING scroll labelled WEAXTY ZUXTIR.
  1020 | D:1      | 1020 ||| READING scroll labelled HYUBBU WEAP.
  1021 | D:1      | 1021 ||| DRINKING 2 black potions.
  1022 | D:1      | 1022 ||| DROPPING 2 scrolls of fear.
  1023 | D:1      | 1023 ||| DROPPING potion of magic.
  1223 | D:2      | Identified the +5 ring mail of Depression {Harm rF++ Str-2
                  | SInv}
  1354 | D:2      | 1354 ||| Stepping ~*~*~tactically~*~*~ (hiding).
  1526 | D:2      | 1526 ||| DROPPING +0 whip.
  1651 | D:2      | 1651 ||| READING scroll labelled HORIOMO LENAZA.
  1695 | D:3      | Reached XP level 4. HP: 27/28 MP: 4/4
  1962 | D:3      | 1962 ||| UPGRADING to +2 cloak.
  1972 | D:3      | 1972 ||| READING scroll of enchant weapon.
  1972 | D:3      | 1972 ||| ENCHANTING +1 war axe.
  1991 | D:3      | 1991 ||| Stepping ~*~*~tactically~*~*~ (hiding).
  1994 | D:3      | Reached skill level 4 in Axes
  2001 | D:3      | Reached XP level 5. HP: 29/32 MP: 5/5
  2217 | D:3      | 2217 ||| READING scroll labelled CIUNYR FOGGYL.
  2218 | D:3      | 2218 ||| READING scroll labelled EMEWNU OKIQAD.
  2219 | D:3      | 2219 ||| READING 3 scrolls of identify.
  2219 | D:3      | 2219 ||| IDENTIFYING yellow potion
  2226 | D:4      | 2226 ||| STAIRDANCE
  2232 | D:4      | 2232 ||| STAIRDANCE
  2245 | D:4      | Reached skill level 5 in Axes
  2251 | D:4      | Found a staircase to the Ecumenical Temple.
  2252 | D:4      | 2252 ||| PLANNING TEMPLE
  2356 | Temple   | Entered the Ecumenical Temple
  2503 | Temple   | 2503 ||| PLANNING D:1-11
  2540 | D:4      | Found an ornate altar of the Wu Jian Council.
  2629 | D:4      | Found a stormy altar of Qazlal.
  2631 | D:4      | Noticed a water elemental
  2631 | D:4      | Noticed Blork the orc
  2632 | D:4      | 2632 ||| Stepping randomly (stuck).
  2632 | D:4      | Noticed a fire elemental
  2632 | D:4      | Noticed an air elemental
  2639 | D:4      | Killed Blork the orc
  2640 | D:4      | Reached XP level 6. HP: 38/39 MP: 6/6
  2872 | D:4      | Identified the ring "Lizeegum" {Fire rPois Slay+3}
  2894 | D:4      | 2894 ||| Stepping ~*~*~tactically~*~*~ (stealth).
  3127 | D:4      | 3127 ||| UPGRADING to ring "Lizeegum" {Fire rPois Slay+3}.
  3128 | D:4      | 3128 ||| READING 3 scrolls of identify.
  3128 | D:4      | 3128 ||| IDENTIFYING emerald potion
  3143 | D:5      | Entered Level 5 of the Dungeon
  3270 | D:5      | Found a white marble altar of Elyvilon.
  3346 | D:5      | Reached skill level 6 in Axes
  3346 | D:5      | Reached XP level 7. HP: 42/44 MP: 7/7
  3408 | D:5      | Identified the +5 trident of Fury {venom, rElec rPois
                  | rCorr}
  3408 | D:5      | Identified the +6 scale mail "Jadoam" {*Corrode rElec
                  | Int+3}
  3408 | D:5      | Identified the +2 buckler "Boithieg" {Harm rElec rPois
                  | Str+4}
  3440 | D:5      | Reached skill level 1 in Dodging
  3539 | D:5      | Found a transporter.
  3539 | D:5      | Found a transporter.
  3825 | D:5      | Identified the ring of the Gnashing Messenger {rCorr Dex+5}
  3836 | D:5      | 3836 ||| Stepping ~*~*~tactically~*~*~ (hiding).
  3837 | D:5      | 3837 ||| Stepping ~*~*~tactically~*~*~ (hiding).
  3859 | D:5      | Reached skill level 7 in Axes
  3915 | D:5      | Reached XP level 8. HP: 47/49 MP: 8/8
  4026 | D:5      | 4026 ||| Stepping ~*~*~tactically~*~*~ (hiding).
  4037 | D:5      | Reached skill level 8 in Axes
  4114 | D:5      | Found a radiant altar of Vehumet.
  4127 | D:5      | Identified the ring of Xom's Displeasure {rF+ rC+}
  4276 | D:5      | Noticed qw's ghost (novice GrFi)
  4384 | D:5      | 4384 ||| UPGRADING to +4 ring of protection.
  4386 | D:5      | 4386 ||| UPGRADING to ring of Xom's Displeasure {rF+ rC+}.
  4388 | D:5      | 4388 ||| READING scroll labelled FOM KOCIDERIST.
  4473 | D:6      | HP: 12/49 [wight/+3 trident (3)]
  4729 | D:6      | 4729 ||| Stepping ~*~*~tactically~*~*~ (stealth).
  4742 | D:6      | Reached skill level 1 in Throwing
  4752 | D:6      | 4752 ||| Stepping ~*~*~tactically~*~*~ (hiding).
  4754 | D:6      | 4754 ||| Stepping ~*~*~tactically~*~*~ (hiding).
  4882 | D:6      | Reached skill level 6 in Fighting
  5196 | D:6      | 5196 ||| READING scroll of enchant weapon.
  5196 | D:6      | 5196 ||| ENCHANTING +2 war axe.
  5368 | D:6      | 5368 ||| Stepping ~*~*~tactically~*~*~ (stealth).
  5371 | D:6      | Reached XP level 9. HP: 55/55 MP: 9/9
  5371 | D:6      | 5371 ||| Stepping ~*~*~tactically~*~*~ (stealth).
  5442 | D:6      | Reached skill level 9 in Axes
  5453 | D:6      | Found a glowing silver altar of Zin.
  5540 | D:6      | Found a broken altar of Ashenzari.
  5612 | D:6      | 5612 ||| DROPPING +2 ring mail of poison resistance.
  5613 | D:6      | 5613 ||| READING scroll labelled WISTRA DISOY.
  5614 | D:6      | 5614 ||| READING scroll labelled BUANILEXUE.
  5615 | D:6      | 5615 ||| READING scroll labelled RYINUN HIDUN.
  5616 | D:6      | 5616 ||| READING 5 scrolls of identify.
  5616 | D:6      | 5616 ||| IDENTIFYING bubbling orange potion
  5617 | D:6      | 5617 ||| READING 4 scrolls of identify.
  5617 | D:6      | 5617 ||| IDENTIFYING sedimented amethyst potion
  5618 | D:6      | 5618 ||| READING 3 scrolls of identify.
  5618 | D:6      | 5618 ||| IDENTIFYING sapphire potion
  5619 | D:6      | 5619 ||| READING 2 scrolls of identify.
  5619 | D:6      | 5619 ||| IDENTIFYING green potion
  5620 | D:6      | 5620 ||| DROPPING potion of brilliance.
  5621 | D:6      | 5621 ||| DROPPING potion of ambrosia.
  5733 | D:7      | 5733 ||| DROPPING +0 flail.
  5880 | D:7      | 5880 ||| READING scroll of enchant armour.
  5880 | D:7      | 5880 ||| ENCHANTING +0 pair of gloves.
  5958 | D:7      | 5958 ||| Stepping ~*~*~tactically~*~*~ (stealth).
  6001 | D:7      | 6001 ||| Stepping ~*~*~tactically~*~*~ (stealth).
  6031 | D:7      | Found a flagged portal.
  6039 | D:7      | 6039 ||| Stepping ~*~*~tactically~*~*~ (stealth).
  6043 | D:7      | 6043 ||| Stepping ~*~*~tactically~*~*~ (stealth).
  6049 | D:7      | 6049 ||| Stepping ~*~*~tactically~*~*~ (stealth).
  6276 | D:7      | Found a basalt altar of Yredelemnul.
  6513 | D:7      | Reached skill level 10 in Axes
  6555 | D:7      | Noticed a two-headed ogre
  6555 | D:7      | Noticed a troll
  6555 | D:7      | Noticed a cyclops
  6555 | D:7      | Noticed a troll
  6566 | D:7      | Killed a troll
  6567 | D:7      | Reached XP level 10. HP: 45/64 MP: 10/10
  6589 | D:7      | HP: 10/64 [vampire mosquito (8)]
  6590 | D:7      | 6590 ||| DRINKING potion of heal wounds.
  6596 | D:7      | Killed a two-headed ogre
  6597 | D:7      | Reached skill level 6 in Armour
  6602 | D:7      | HP: 13/64 [troll (7)]
  6607 | D:7      | Slain by a troll

Levels and vault maps discovered:
D:1:      amcnicky_arrival_single_pillar, layout_loops_ring, serial_shops, shop,
          nicolae_ecumenical_snake_handling
D:2:      layout_basic, minmay_misc_feat_cross
D:3:      layout_rooms, serial_glass, glass_columns_b, glass_columns_a,
          glass_columns_a, glass_columns_a, glass_columns_c, glass_columns_a,
          glass_columns_a, glass_columns_c, glass_columns_a, glass_columns_a
D:4:      layout_loops_ring, nicolae_qazlal_style_of_elements,
          nicolae_wu_jian_wuxing_cycle, temple_green, uniq_blork_the_orc
D:5:      kennysheep_spiral_hall, layout_basic, mainiacjoe_overflow_brackets,
          mainiacjoe_overflow_chevrons, gammafunk_ghost_gnarly_gnolls
D:6:      layout_gridville, nicolae_overflow_crystal_walls,
          cheibrodos_ashenzari_chains
D:7:      minmay_the_grid_square_5x5_3x3
          [minmay_the_grid_square_5x5_broken_cross,
          minmay_the_grid_square_5x5_three_small,
          minmay_the_grid_square_5x5_fat_x, minmay_the_grid_square_5x5_inner_z,
          minmay_the_grid_square_5x5_megaprize_diamond,
          minmay_the_grid_square_5x5_checkered_sparse,
          minmay_the_grid_square_5x5_mess, minmay_the_grid_square_5x5_gyroscope,
          minmay_the_grid_square_5x5_spiral], layout_rooms,
          general_overflow_altar, enter_bailey_2, chequers_decorated_corner
Temple:   hellmonk_temple_forest_ring

Skill      XL: |  1  2  3  4  5  6  7  8  9 10 |
---------------+-------------------------------+-----
Axes           | 2 3 4 5 6 7 8 10 | 10.0
Fighting       | 4 5 6 8 |  8.2
Dodging        | 1 |  1.9
Armour         | 4 5 6 |  6.8
Throwing       | 1 |  1.5
Shields        | 4 5 |  5.5

Action                   |  1- 3 |  4- 6 |  7- 9 | 10-12 || total
-------------------------+-------+-------+-------+-------++-------
Melee: War axe           |   125 |    94 |   267 |    40 ||   526
Throw: Boomerang         |       |       |    23 |       ||    23
  Use: Scroll            |     4 |     5 |    10 |       ||    19
       Potion            |     1 |       |       |     1 ||     2
 Stab: Distracted        |       |     1 |       |       ||     1
Armor: Scale mail        |    40 |       |       |       ||    40
       Chain mail        |    16 |    38 |   213 |    30 ||   297
Dodge: Dodged            |    59 |    51 |   126 |    21 ||   257
Block: Buckler           |    23 |    13 |    78 |     9 ||   123

Table legend:
 A = Non-vault XP
 B = Vault XP
 C = Vault XP percentage of total XP
 D = Non-vault monster count
 E = Vault monster count
 F = Vault count percentage of total count
                 A         B        C        D         E       F
            +---------+---------+-------+---------+---------+-------
      Total |    3178 |    3054 |  49.0 |     137 |      21 |  13.3
            +---------+---------+-------+---------+---------+-------
        D:1 |      50 |       4 |   7.4 |      26 |       2 |   7.1
        D:2 |      23 |       0 |   0.0 |      11 |       0 |   0.0
        D:3 |     147 |       0 |   0.0 |      26 |       0 |   0.0
        D:4 |     175 |      96 |  35.4 |      12 |       1 |   7.7
        D:5 |     787 |     341 |  30.2 |      18 |       4 |  18.2
        D:6 |    1048 |       0 |   0.0 |      28 |       0 |   0.0
        D:7 |     948 |    2613 |  73.4 |      16 |      14 |  46.7
            +---------+---------+-------+---------+---------+-------
